Map: Shipwrecked LE

Players

Willy

  • Race: Protoss Protoss
  • Spawn Location: 9:00

Karmageddon

  • Race: Terran Terran
  • Spawn Location: 9:00

ZoRoXS

  • Race: Zerg Zerg
  • League: Silver
  • Spawn Location: 12:00

DrSanlam

  • Race: Terran Terran
  • League: Diamond
  • Spawn Location: 11:00

Vectorman

  • Race: Protoss Protoss
  • League: Gold
  • Spawn Location: 3:00

kaD

  • Race: Terran Terran
  • League: Platinum
  • Spawn Location: 5:00

insturack

  • Race: Zerg Zerg
  • League: Gold
  • Spawn Location: 6:00

MooEsqoo

  • Race: Protoss Protoss
  • Spawn Location: 5:00

VOD

Have the link to the VOD?

Description

Time

  • Played on: Nov. 22, 2019, 1:50 a.m.
  • Length: 17:20
Show
View Real Time Build Order
Export as new Build Order

Willy Protoss 

Build Orders: Nexus First 

Get SALT Encoding   

  12  0:01  Probe (Chrono Boost)  
  13  0:13  Probe (Chrono Boost)  
  14  0:18  Probe (Chrono Boost)  
  15  0:47  Nexus  
  15  1:01  Pylon  
  15  1:19  Probe  
  15  1:20  Forge  
  16  1:26  Gateway  
  16  1:31  Probe  
  17  1:38  Assimilator  
  17  1:43  Assimilator  
  17  1:48  Assimilator  
  17  1:51  Probe  
  17  1:54  Assimilator  
  18  2:03  Pylon, Probe  
  18  2:04  Probe  
  20  2:15  Probe (Chrono Boost)  
  21  2:17  Probe (Chrono Boost)  
  22  2:27  Probe (Chrono Boost)  
  22  2:28  Probe (Chrono Boost)  
  24  2:32  Probe (Chrono Boost)  
  24  2:33  Probe (Chrono Boost)  
  26  2:41  Probe  
  26  2:42  Probe  
  28  2:53  Probe  
  28  2:54  Probe  
  30  3:03  Cybernetics Core  
  30  3:05  Probe  
  30  3:06  Probe  
  32  3:18  Probe x2, Photon Cannon  
  34  3:25  Photon Cannon  
  34  3:30  Probe x2  
  36  3:35  Pylon  
  36  3:41  Pylon  
  36  3:43  Probe x2  
  38  3:55  Probe x2  
  40  4:12  Probe x2  
  42  4:19  Stargate x2  
  42  4:21  Stargate  
  42  4:24  Probe x2  
  42  4:25  Stargate  
  42  4:27  Protoss Air Weapons Level 1 (Chrono Boost)  
  42  4:30  Protoss Shields Level 1 (Chrono Boost)  
  44  4:36  Probe  
  45  4:50  Pylon  
  45  4:53  Pylon  
  45  4:55  Pylon  
  45  4:57  Pylon  
  45  4:59  Pylon  
  45  5:02  Pylon  
  45  5:03  Void Ray  
  49  5:12  Void Ray  
  53  5:23  Void Ray  
  57  5:29  Void Ray  
  61  5:46  Void Ray  
  65  5:55  Void Ray  
  69  6:06  Void Ray  
  69  6:10  Protoss Air Armor Level 1 (Chrono Boost)  
  73  6:12  Void Ray  
  77  6:29  Void Ray  
  81  6:37  Void Ray  
  85  6:49  Void Ray  
  89  7:02  Void Ray  
  93  7:20  Void Ray  
  97  7:29  Void Ray  
  101  8:23  Pylon  
  101  8:26  Pylon  
  101  8:28  Pylon  
  101  8:30  Pylon  
  101  8:33  Pylon  
  101  8:35  Pylon  
  101  8:37  Pylon  
  101  8:39  Pylon  
  101  8:40  Void Ray x2  
  109  8:41  Pylon  
  109  8:43  Pylon, Void Ray  
  113  9:19  Void Ray  
  113  9:23  Void Ray x2  
  125  9:26  Void Ray  
  129  10:02  Void Ray  
  129  10:06  Void Ray x2  
  93  12:28  Void Ray x2 (Chrono Boost)  
  93  12:29  Void Ray x2 (Chrono Boost)  
  109  13:03  Void Ray x2 (Chrono Boost)  
  109  13:04  Void Ray x2 (Chrono Boost)  
  125  13:33  Void Ray  
  125  13:34  Void Ray x3  
  141  14:08  Pylon  
  141  14:10  Pylon  
  141  14:11  Pylon  
  141  14:13  Pylon  
  141  14:15  Pylon  
  141  14:16  Pylon, Void Ray  
  141  14:17  Void Ray x3  
  157  14:59  Void Ray x2  
  109  15:42  Void Ray x4  
  109  16:24  Void Ray  
  109  16:25  Void Ray x3  
Show
View Real Time Build Order
Export as new Build Order

Karmageddon Terran 

Build Orders:  

Get SALT Encoding   

  12  0:01  SCV  
  13  0:15  SCV  
  14  0:28  SCV  
  15  0:47  Supply Depot  
  15  1:08  SCV  
  15  1:10  Supply Depot  
  16  1:21  SCV  
  17  1:36  Barracks  
  17  1:38  Barracks x2  
  17  1:45  Barracks  
  17  2:01  Barracks  
  17  2:06  SCV  
  18  2:25  SCV  
  18  2:27  Marine x3  
  22  2:34  Marine  
  23  2:46  Marine x3  
  23  2:49  Marine  
  28  3:00  Supply Depot, Marine  
  28  3:05  Marine x2  
  30  3:06  Marine  
  31  3:22  Supply Depot  
  31  3:25  SCV  
  31  3:26  Marine  
  33  3:27  Marine  
  33  3:32  Marine  
  35  3:43  Marine x3  
  38  3:49  Marine  
  38  3:50  Marine  
  37  4:01  Marine x3  
  38  4:06  Marine  
  38  4:08  Marine  
  40  4:11  Bunker  
  39  4:27  Bunker  
  39  4:28  Bunker  
  34  4:39  Marine x5  
  33  4:57  Marine x4  
  33  4:59  Marine  
  36  5:14  Marine  
  36  5:15  Marine x3  
  36  5:17  Marine  
  41  5:32  Marine x2  
  41  5:33  Marine x2  
  41  5:34  Marine  
  46  5:38  Supply Depot  
  46  5:39  SCV  
  47  5:55  Marine x2  
  47  5:56  Marine x2  
  29  6:10  Marine  
  26  6:13  Marine x2  
  28  6:19  Engineering Bay  
  28  6:26  Refinery  
  28  6:28  SCV  
  28  6:29  Refinery  
  28  6:30  Marine x2  
  31  6:36  Marine  
  31  6:38  Marine x2  
  34  6:40  SCV  
  35  6:48  Marine x2  
  35  6:52  Missile Turret  
  35  6:53  SCV  
  38  6:59  Marine  
  38  7:00  Marine x2  
  41  7:05  SCV  
  42  7:09  Marine x2  
  20  8:01  Factory  
  20  8:05  Barracks  
  20  8:06  SCV  
  20  8:08  Missile Turret  
  21  8:18  SCV  
  22  8:28  Missile Turret  
  22  8:45  SCV  
  22  8:47  Starport  
  23  8:57  SCV  
  23  9:00  Command Center  
  24  9:11  Missile Turret  
  24  9:46  Starport Reactor  
  24  9:55  Refinery  
  24  9:59  Refinery  
  24  10:07  Supply Depot  
  24  10:17  Starport  
  24  10:19  Barracks Tech Lab  
  24  10:20  Marine  
  25  10:24  Viking x2  
  29  10:31  SCV  
  29  10:35  SCV  
  31  10:38  Marine  
  32  10:43  SCV  
  32  10:46  Missile Turret  
  32  10:47  SCV  
  34  10:55  Viking  
  34  10:56  Viking, Marine  
  39  10:57  Starport Reactor  
  39  10:59  SCV  
  40  11:06  SCV  
  41  11:11  SCV  
  41  11:14  Marine  
  43  11:18  SCV  
  43  11:23  SCV  
  45  11:25  Viking  
  45  11:30  SCV  
  45  11:31  Viking  
  45  11:32  Marine  
  51  11:46  Viking  
  53  11:49  Viking  
  55  12:12  Viking x2  
  59  12:18  Missile Turret  
  59  12:38  Missile Turret  
  47  13:28  Viking x3  
  47  13:29  Viking  
  55  13:36  Neosteel Armor  
  55  13:44  Missile Turret  
  55  13:50  Missile Turret  
  55  13:56  Missile Turret  
  55  14:01  Missile Turret  
  55  14:02  SCV  
  56  14:04  Viking x2  
  56  14:05  Missile Turret  
  56  14:06  Viking  
  56  14:09  Missile Turret  
  62  14:11  Factory Tech Lab  
  62  14:14  SCV  
  62  14:15  Missile Turret  
  63  14:20  Missile Turret  
  63  14:26  SCV  
  50  17:16  Supply Depot  
  50  17:19  Supply Depot  
Show
View Real Time Build Order
Export as new Build Order

ZoRoXS Zerg 

Build Orders: Pool First, Swarm Host 

Get SALT Encoding   

  12  0:22  Spawning Pool  
  12  0:27  Drone  
  12  0:49  Evolution Chamber  
  11  0:50  Drone x2  
  11  0:53  Drone  
  14  1:08  Extractor  
  13  1:15  Queen  
  13  1:16  Roach Warren  
  14  1:47  Hatchery  
  13  1:56  Overlord  
  13  2:17  Zergling x6  
  16  3:02  Queen  
  16  3:04  Drone  
  19  3:08  Drone x3  
  22  3:22  Extractor  
  21  4:05  Zergling x6  
  24  4:14  Zergling x6  
  27  4:19  Lair  
  23  5:12  Zergling x6  
  25  5:16  Zergling x6  
  18  6:16  Zergling x2  
  18  6:17  Zergling x4  
  21  6:30  Infestation Pit  
  20  6:33  Zergling x2  
  20  6:37  Zergling x6  
  24  7:13  Swarm Host  
  27  7:21  Overlord x3  
  27  7:22  Overlord  
  27  7:42  Swarm Host  
  30  7:47  Swarm Host  
  33  7:57  Queen  
  35  8:33  Queen  
  18  11:03  Hatchery  
  17  11:34  Swarm Host x4  
  17  11:35  Swarm Host x2  
  35  12:29  Drone x2  
  37  12:34  Drone x3  
  37  12:35  Drone x2  
  42  12:46  Queen  
  44  13:08  Swarm Host  
  47  13:20  Swarm Host  
  50  13:28  Overlord x2  
  50  13:57  Swarm Host x2  
  50  13:58  Swarm Host x2  
  62  14:51  Swarm Host x2  
  68  14:53  Hatchery  
  67  15:35  Drone, Overlord x2  
  68  16:15  Drone  
  68  16:18  Drone  
  70  16:19  Queen  
Show
View Real Time Build Order
Export as new Build Order

DrSanlam Terran 

Build Orders:  

Get SALT Encoding   

  12  0:04  SCV  
  13  0:16  SCV  
  14  0:28  SCV  
  14  0:30  Supply Depot  
  15  0:51  SCV  
  15  0:53  Barracks  
  15  0:56  Barracks  
  16  1:08  Refinery  
  16  1:10  Supply Depot  
  16  1:23  SCV  
  17  1:35  SCV  
  18  1:42  Bunker  
  18  1:43  Marine x2  
  20  1:47  SCV  
  21  2:01  Marine x2  
  23  2:21  Command Center  
  23  2:28  Orbital Command  
  23  2:39  Barracks Tech Lab  
  23  2:41  Refinery  
  23  2:49  Factory  
  23  2:54  SCV  
  24  3:04  Engineering Bay  
  24  3:08  SCV  
  25  3:20  SCV  
  25  3:23  Stimpack  
  26  3:32  Factory Tech Lab, SCV  
  27  3:36  Missile Turret  
  27  3:44  SCV  
  28  3:49  Missile Turret  
  28  3:59  SCV  
  28  4:00  Missile Turret  
  29  4:05  Missile Turret  
  29  4:09  Orbital Command  
  29  4:11  SCV  
  30  4:31  SCV  
  31  4:36  SCV  
  32  4:43  SCV  
  33  4:48  SCV  
  34  4:53  Refinery  
  34  4:55  SCV  
  34  4:56  Refinery, Engineering Bay  
  35  5:01  Starport  
  35  5:03  Combat Shield  
  35  5:04  SCV  
  36  5:07  SCV  
  37  5:16  SCV  
  37  5:19  Barracks, SCV  
  39  5:24  Barracks  
  39  5:27  Barracks  
  39  5:28  SCV  
  40  5:38  Terran Infantry Weapons Level 1  
  40  5:39  Terran Infantry Armor Level 1  
  40  5:44  Supply Depot  
  40  5:45  Supply Depot, Barracks Reactor  
  40  5:46  Supply Depot  
  40  5:47  Supply Depot  
  40  6:00  Armory  
  40  6:05  Starport Reactor  
  40  6:06  SCV x2  
  42  6:13  Missile Turret  
  42  6:17  Missile Turret  
  42  6:18  Barracks Reactor x3, SCV x2  
  44  6:29  Missile Turret  
  44  6:30  SCV  
  44  6:32  Missile Turret  
  45  6:37  Missile Turret  
  45  6:40  Missile Turret  
  45  6:42  Medivac x2, SCV  
  50  6:54  SCV  
  50  6:55  Marine x3  
  50  6:56  Marine x5  
  50  6:59  Marine  
  60  7:12  Terran Ship Weapons Level 1, Medivac x2  
  60  7:13  Marine x4  
  60  7:14  Marine x2  
  70  7:26  Supply Depot  
  70  7:27  Supply Depot  
  70  7:31  Supply Depot x2  
  70  7:47  Marine x8  
  70  7:49  Medivac x2, Marine  
  83  7:53  Terran Infantry Weapons Level 2  
  83  7:56  Terran Infantry Armor Level 2  
  83  8:05  Marine x8  
  91  8:06  Marine  
  92  8:13  Supply Depot  
  92  8:14  Supply Depot  
  92  8:15  Supply Depot  
  92  8:23  Marine x8  
  92  8:24  Marine  
  101  8:40  Marine x4  
  101  8:41  Supply Depot  
  98  8:51  Marine x4  
  98  8:52  Marine  
  78  8:58  Medivac x2, Marine x4  
  75  9:09  Marine x4  
  72  9:12  Marine  
  72  9:16  Marine x3  
  76  9:20  Missile Turret x2  
  76  9:22  Missile Turret x2  
  76  9:27  Marine x4  
  76  9:28  Medivac x2  
  76  9:30  Marine  
  85  9:34  Marine x3  
  76  10:00  Marine x6  
  76  10:01  Marine x2  
  76  10:05  Medivac x2  
  88  10:18  Marine x7  
  88  10:19  Marine  
  94  10:35  Barracks, Marine  
  94  10:36  Marine x5  
  94  10:39  Supply Depot  
  94  10:40  Barracks  
  101  10:43  Barracks Reactor, Supply Depot x2  
  101  10:44  Barracks Reactor  
  100  10:53  Marine x2  
  100  10:54  Marine x4  
  92  11:09  Viking  
  92  11:10  Viking  
  89  11:11  Marine x3  
  92  11:24  Starport  
  92  11:31  Barracks Reactor  
  92  11:35  Barracks Reactor  
  92  11:39  Viking  
  94  11:40  Viking  
  94  11:45  Terran Ship Weapons Level 2  
  96  12:07  Command Center  
  96  12:08  Starport Reactor  
  96  12:09  Viking  
  96  12:10  Viking  
  100  12:39  Viking  
  93  13:08  Missile Turret x2  
  93  13:10  Missile Turret  
  93  13:11  Viking  
  92  13:38  Missile Turret  
  92  13:39  Missile Turret, SCV  
  93  13:44  Missile Turret, SCV  
  94  13:51  SCV  
  95  13:56  Marine x4  
  95  13:59  Marine  
  95  14:02  Marine  
  101  14:03  Marine  
  101  14:04  Marine  
  103  14:13  Orbital Command  
  103  14:19  Viking  
  103  14:22  Viking  
  107  14:27  Viking  
  109  14:35  Marine x2  
  109  14:36  Marine x3  
  114  14:47  Viking  
  116  15:11  Marine x7  
  116  15:12  Marine x5  
  128  15:41  Marine x5  
  128  15:42  Marine x4  
  137  15:59  Marine x3  
  139  16:29  Viking x4  
Show
View Real Time Build Order
Export as new Build Order

Vectorman Protoss 

Build Orders:  

Get SALT Encoding   

  12  0:01  Probe (Chrono Boost)  
  13  0:11  Probe (Chrono Boost)  
  14  0:19  Pylon  
  14  0:23  Probe  
  15  0:38  Forge  
  15  0:45  Pylon, Probe  
  16  0:57  Probe  
  17  1:04  Gateway  
  17  1:14  Photon Cannon  
  17  1:20  Assimilator  
  17  1:21  Probe (Chrono Boost)  
  18  1:31  Assimilator  
  18  1:32  Probe (Chrono Boost)  
  19  1:37  Probe (Chrono Boost)  
  20  1:47  Probe  
  20  1:52  Cybernetics Core  
  21  2:00  Probe  
  22  2:12  Probe  
  23  2:21  Nexus  
  23  2:27  Probe  
  24  2:39  Pylon, Probe  
  25  2:46  Robotics Facility  
  25  2:51  Probe  
  25  2:55  Stalker  
  28  3:03  Shield Battery  
  28  3:05  Probe  
  29  3:08  Protoss Shields Level 1 (Chrono Boost)  
  29  3:17  Probe  
  30  3:28  Shield Battery  
  30  3:36  Photon Cannon  
  30  3:39  Probe  
  33  3:51  Observer  
  25  5:21  Pylon  
  23  6:01  Gateway  
  23  6:07  Assimilator  
  23  6:11  Forge  
  23  6:12  Assimilator  
  23  6:15  Gateway  
  23  6:21  Pylon  
  23  6:33  Nexus  
  23  6:50  Pylon  
  23  6:52  Pylon  
  23  6:54  Assimilator  
  23  7:00  Assimilator, Probe  
  24  7:03  Pylon  
  24  7:12  Photon Cannon  
  24  7:21  Probe  
  25  7:26  Photon Cannon  
  25  7:34  Probe  
  26  7:40  Cybernetics Core  
  26  7:45  Probe  
  26  7:48  Protoss Ground Armor Level 1 (Chrono Boost)  
  27  7:57  Probe (Chrono Boost)  
  28  8:04  Photon Cannon  
  28  8:07  Probe (Chrono Boost)  
  29  8:15  Probe  
  30  8:23  Immortal  
  34  8:27  Probe  
  34  8:32  Probe  
  36  8:39  Probe  
  37  8:44  Probe  
  38  8:51  Stalker  
  38  8:52  Stalker  
  42  8:56  Probe  
  43  9:05  Gateway  
  43  9:08  Gateway, Probe x2  
  45  9:17  Twilight Council  
  45  9:20  Probe  
  45  9:21  Stalker  
  48  9:30  Gateway  
  48  9:33  Shield Battery  
  48  9:34  Stalker  
  48  9:37  Probe  
  51  9:49  Probe  
  51  9:51  Stalker  
  54  9:56  Stalker x2  
  58  10:03  Dark Shrine  
  58  10:04  Stalker  
  60  10:07  Forge  
  60  10:19  Probe  
  61  10:21  Stalker x2  
  61  10:26  Stalker  
  61  10:27  Pylon  
  67  10:31  Probe  
  67  10:34  Blink  
  67  10:35  Pylon  
  68  10:36  Sentry  
  70  10:46  Stalker  
  72  10:51  Stalker  
  74  11:00  Stalker x2  
  74  11:02  Stalker  
  80  11:16  Stalker  
  82  11:19  Protoss Ground Weapons Level 1 (Chrono Boost)  
  82  11:21  Stalker  
  82  11:23  Probe  
  85  11:36  Probe  
  85  11:37  Pylon  
  86  11:41  Forge  
  86  11:48  Shield Battery  
  86  11:51  Shield Battery  
  86  11:55  Sentry, Stalker x3  
  94  12:10  Sentry  
  76  12:21  Stalker  
  60  12:25  Stalker x3  
  62  12:35  Protoss Shields Level 2 (Chrono Boost)  
  62  12:36  Stalker  
  62  12:55  Stalker x3  
  60  13:07  Dark Templar  
  62  13:17  Pylon  
  62  13:21  Protoss Ground Armor Level 2 (Chrono Boost), Pylon  
  62  13:23  Pylon  
  62  13:25  Dark Templar  
  64  13:28  Robotics Bay  
  64  13:34  Stalker  
  64  13:40  Stalker x2  
  68  13:52  Gateway  
  68  13:54  Gateway  
  68  13:56  Stalker  
  70  14:04  Stalker, Dark Templar  
  74  14:10  Stalker x2  
  78  14:26  Stalker  
  80  14:34  Stalker  
  82  14:40  Stalker x2  
  82  14:43  Stalker x3  
  92  14:56  Stalker  
  94  15:04  Stalker  
  94  15:10  Stalker x2  
  94  15:12  Stalker  
  94  15:15  Stalker x2  
  80  15:26  Stalker  
  78  15:34  Stalker  
  80  15:37  Archon  
  80  15:40  Stalker x2  
  76  15:42  Stalker  
  76  15:45  Stalker x2  
  78  15:56  Stalker  
  74  16:04  Stalker  
  68  16:10  Stalker  
  68  16:12  Stalker  
  68  16:15  Stalker x2  
  43  16:25  Immortal  
  43  16:26  Stalker  
  41  16:36  Shield Battery  
  39  16:40  Zealot  
  39  16:45  Zealot  
Show
View Real Time Build Order
Export as new Build Order

kaD Terran 

Build Orders: Command Center First (CC) 

Get SALT Encoding   

  12  0:00  SCV  
  13  0:17  SCV  
  14  0:25  Supply Depot  
  14  0:29  SCV  
  15  0:47  SCV  
  16  0:59  Command Center  
  16  1:03  SCV  
  17  1:12  Barracks  
  17  1:17  SCV  
  18  1:29  SCV  
  18  1:32  Refinery  
  19  1:37  Refinery  
  19  1:42  SCV  
  20  2:00  Orbital Command  
  20  2:03  Marine  
  21  2:08  Supply Depot  
  21  2:14  Orbital Command  
  21  2:27  Factory, SCV  
  22  2:39  SCV  
  22  2:40  SCV  
  24  2:46  Refinery  
  24  2:51  SCV  
  24  2:52  SCV, Marine  
  27  3:04  SCV x2  
  29  3:11  Supply Depot  
  29  3:13  Factory Tech Lab  
  29  3:15  Starport  
  29  3:16  SCV  
  29  3:17  SCV  
  31  3:24  Refinery  
  31  3:28  SCV  
  31  3:29  SCV  
  33  3:40  SCV  
  33  3:41  SCV  
  35  3:52  SCV, Siege Tank  
  39  3:56  Starport Tech Lab  
  39  3:58  SCV  
  39  3:59  Fusion Core  
  40  4:08  Supply Depot, SCV  
  41  4:18  SCV  
  41  4:23  SCV  
  43  4:26  Siege Tank  
  46  4:48  Marine  
  46  4:50  Battlecruiser  
  51  5:05  Marine  
  49  5:13  SCV  
  50  5:15  Supply Depot  
  50  5:19  Siege Tank  
  50  5:20  SCV  
  54  5:23  Marine  
  55  5:41  Marine  
  56  5:51  Siege Tank  
  59  5:59  Marine  
  60  6:07  Battlecruiser  
  63  6:15  SCV x2  
  63  6:17  Marine  
  66  6:21  Weapon Refit  
  66  6:27  SCV x2  
  66  6:29  Starport  
  66  6:31  Starport  
  68  6:33  Supply Depot  
  68  6:34  Marine  
  69  6:53  Command Center  
  69  6:56  Supply Depot  
  69  6:58  SCV  
  69  6:59  SCV  
  71  7:05  Supply Depot x2  
  71  7:09  Armory  
  71  7:10  SCV  
  66  7:38  Battlecruiser  
  72  7:55  Starport Tech Lab  
  72  7:57  Starport Tech Lab  
  72  7:59  Armory  
  72  8:01  Supply Depot x2, Terran Ship Weapons Level 1  
  71  8:42  Battlecruiser  
  77  8:57  Battlecruiser x2  
  89  9:03  Supply Depot  
  89  9:04  Supply Depot  
  89  9:27  SCV  
  89  9:28  SCV  
  89  9:29  Orbital Command  
  91  9:39  SCV  
  91  9:40  SCV  
  93  9:46  Battlecruiser  
  93  9:52  SCV  
  100  9:59  Refinery  
  100  10:18  SCV x2  
  102  10:24  Refinery  
  102  10:26  Engineering Bay  
  102  10:30  SCV x3  
  105  10:42  SCV x3  
  108  10:49  Battlecruiser  
  119  10:50  Battlecruiser  
  119  10:54  SCV x2  
  106  11:13  Cyclone  
  103  11:19  Mag-Field Accelerator  
  102  11:27  Factory  
  102  11:29  Terran Vehicle And Ship Armor Level 1  
  102  11:30  Terran Ship Weapons Level 2  
  102  11:33  Supply Depot  
  102  11:50  Cyclone  
  105  11:56  Supply Depot  
  105  12:04  Battlecruiser x2  
  117  12:09  Command Center  
  96  12:25  Cyclone  
  96  12:26  Factory Tech Lab  
  96  12:27  Battlecruiser  
  94  13:14  Cyclone  
  94  13:16  Cyclone  
  100  13:28  Battlecruiser  
  100  13:32  Orbital Command  
  106  13:35  Refinery  
  106  13:36  SCV x2  
  108  13:47  Battlecruiser  
  115  13:48  SCV x2  
  115  13:51  Engineering Bay  
  116  13:58  Refinery  
  116  14:00  SCV x2  
  118  14:06  SCV  
  119  14:12  SCV  
  119  14:13  SCV  
  121  14:34  Engineering Bay  
  89  15:32  Battlecruiser x2  
  89  15:33  Battlecruiser  
  89  15:34  Cyclone x2  
Show
View Real Time Build Order
Export as new Build Order

insturack Zerg 

Build Orders: 1 Base Baneling Bust, Pool First 

Get SALT Encoding   

  12  0:09  Overlord  
  12  0:13  Drone  
  13  0:23  Drone  
  14  0:34  Drone x2  
  16  0:54  Drone x2  
  18  0:59  Spawning Pool  
  18  1:02  Extractor  
  16  1:04  Drone  
  17  1:14  Extractor  
  17  1:15  Drone  
  17  1:28  Drone  
  18  1:39  Drone  
  19  1:48  Drone  
  19  1:50  Queen  
  22  2:02  Overlord  
  22  2:21  Drone  
  23  2:26  Drone  
  24  2:39  Baneling Nest  
  24  2:44  Roach Warren  
  22  2:46  Drone x2  
  24  2:55  Lair  
  24  2:57  Drone  
  25  3:02  Zergling x4  
  25  3:03  Zergling x2  
  28  3:23  Hatchery  
  27  3:30  Zergling x2  
  27  3:31  Zergling x4  
  30  3:50  Metabolic Boost  
  30  3:54  Overlord  
  30  3:55  Overlord  
  24  4:44  Roach x4  
  32  4:50  Drone  
  32  4:51  Drone  
  34  5:23  Zergling x2  
  34  5:24  Zergling x10  
  26  6:11  Zergling x6  
  28  6:16  Drone x3  
  32  6:24  Roach  
  34  6:48  Zergling x8  
  38  6:54  Queen  
  38  6:56  Drone x3  
  43  7:06  Hydralisk Den  
  42  7:10  Infestation Pit  
  42  7:15  Spire  
  40  7:17  Roach  
  40  7:18  Drone  
  43  7:48  Baneling x7  
  43  7:59  Swarm Host x3  
  52  8:12  Overlord  
  52  8:13  Overlord x2  
  54  8:34  Mutalisk  
  54  8:35  Mutalisk x2  
  45  8:42  Mutalisk x4  
  45  8:43  Mutalisk  
  34  9:24  Hatchery  
  17  9:58  Drone x3  
  20  10:04  Extractor  
  17  10:07  Extractor  
  10  10:34  Drone x3  
  13  10:57  Drone x2  
  13  10:58  Drone  
  16  11:04  Drone x2  
  16  11:09  Spawning Pool  
  17  11:16  Drone  
  16  11:41  Drone x2  
  16  11:43  Drone  
  19  11:47  Extractor  
  19  11:51  Extractor  
  17  11:59  Drone  
  18  12:27  Drone x2, Spawning Pool  
  18  12:28  Drone  
  20  12:41  Overlord  
  20  12:59  Overlord  
  20  13:14  Lair  
  20  13:26  Evolution Chamber  
  19  13:32  Drone x3  
  22  13:42  Roach Warren  
  21  13:50  Drone  
  22  14:22  Hydralisk Den  
  22  14:23  Drone  
  22  14:26  Overlord x2  
  22  14:34  Spire  
  21  14:42  Infestation Pit  
  21  14:43  Queen  
  21  14:45  Zergling x2  
  23  14:58  Spine Crawler  
  22  15:02  Spine Crawler  
  22  15:03  Drone  
  22  15:04  Drone  
Show
View Real Time Build Order
Export as new Build Order

MooEsqoo Protoss 

Build Orders: Oracle Opening 

Get SALT Encoding   

  12  0:01  Probe  
  13  0:13  Probe  
  14  0:20  Pylon  
  14  0:25  Probe  
  15  0:38  Gateway  
  15  0:45  Assimilator  
  15  0:47  Probe (Chrono Boost)  
  16  1:00  Probe (Chrono Boost)  
  17  1:05  Probe (Chrono Boost)  
  18  1:14  Probe  
  19  1:26  Probe  
  19  1:27  Cybernetics Core  
  20  1:48  Nexus  
  20  1:54  Pylon  
  20  1:56  Assimilator  
  20  1:57  Probe  
  21  2:07  Warp Gate (Chrono Boost)  
  21  2:09  Probe  
  21  2:12  Stalker  
  24  2:24  Probe  
  25  2:42  Stalker  
  27  2:53  Stargate  
  27  2:57  Gateway  
  27  3:05  Pylon, Probe x2  
  29  3:13  Assimilator  
  29  3:15  Stalker  
  29  3:17  Probe x2  
  33  3:29  Probe x2  
  35  3:34  Oracle (Chrono Boost)  
  38  3:41  Probe  
  38  3:42  Probe  
  40  3:54  Pylon  
  40  3:59  Shield Battery  
  40  4:05  Shield Battery  
  40  4:06  Probe  
  40  4:07  Probe  
  42  4:18  Probe  
  42  4:19  Probe  
  42  4:23  Stalker x2  
  41  4:58  Stalker  
  41  4:59  Void Ray (Chrono Boost)  
  41  5:01  Stalker  
  47  5:15  Robotics Facility  
  47  5:20  Forge  
  47  5:21  Probe x2  
  49  5:30  Gateway x2  
  49  5:33  Probe x2  
  51  5:35  Void Ray (Chrono Boost)  
  51  5:36  Stalker  
  57  5:45  Probe x2  
  57  5:49  Stalker  
  61  5:57  Probe  
  61  6:02  Assimilator  
  62  6:09  Pylon  
  62  6:11  Pylon  
  62  6:12  Pylon  
  62  6:21  Shield Battery  
  62  6:23  Pylon  
  62  6:26  Void Ray  
  62  6:27  Immortal (Chrono Boost), Probe x2  
  72  6:34  Stalker  
  72  6:35  Stalker  
  76  6:48  Stalker x2  
  80  7:00  Probe  
  80  7:01  Probe  
  82  7:03  Warp Prism (Chrono Boost)  
  84  7:13  Probe x2  
  86  7:25  Probe x2  
  84  7:37  Probe  
  85  7:47  Stalker x4  
  93  8:05  Pylon  
  93  8:07  Pylon  
  93  8:08  Pylon  
  93  8:09  Pylon  
  93  8:23  Immortal  
  93  8:24  Void Ray  
  101  8:28  Sentry  
  101  8:32  Stalker x2  
  107  8:34  Zealot  
  93  9:11  Stalker x2  
  93  9:12  Stalker x2  
  81  9:45  Stalker x2  
  81  9:46  Sentry, Stalker  
  83  10:07  Gateway  
  83  10:09  Gateway, Probe x2  
  83  10:11  Gateway  
  85  10:15  Stalker x2  
  85  10:16  Stalker  
  85  10:21  Probe  
  76  10:38  Stalker  
  78  10:48  Twilight Council  
  78  10:53  Fleet Beacon  
  78  11:00  Stargate  
  78  11:09  Stalker  
  78  11:11  Zealot x4  
  82  11:12  Zealot x2  
  25  12:23  Cybernetics Core  
  25  12:31  Phoenix  
  26  12:40  Pylon, Phoenix  
  15  13:50  Stalker x3  
  15  13:52  Phoenix  
  23  13:59  Nexus  
  23  14:06  Probe  
  24  14:11  Phoenix  
  26  14:18  Probe  
  27  14:30  Probe  
  27  14:42  Probe  
  28  14:54  Probe  
  15  16:08  Nexus  
  7  17:00  Assimilator  
  7  17:02  Assimilator  
  7  17:07  Pylon  
  7  17:09  Pylon  
Tags
 
Add a new tag
Caveats
  • Supply blocks, unpowered buildings, or Contaminate may cause inaccurate times.
  • Supply counts are checked every 10 seconds.